 Dungeon Sprint DCSS version 0.22.0-6-g71bd7aa (webtiles) character file.

6873 poirepourri the Slayer (level 16, 0/123 HPs)
             Began as a Gargoyle Fighter on Aug 14, 2018.
             Was the Champion of Cheibriados.
             Splashed by an acid blob's acid (5 damage)
             ... while paralysed by a greater orb of eyes
             ... in the Dungeon (Sprint VI: "Thunderdome").
             The game lasted 00:14:05 (2709 turns).

poirepourri the Slayer (Gargoyle Fighter)           Turns: 2709, Time: 00:14:06

Health: 0/123      AC: 23    Str: 40    XL:     16   Next: 74%
Magic:  30/38      EV:  2    Int: 29    God:    Cheibriados [******]
Gold:   48         SH:  0    Dex: 55    Spells: 15/15 levels left

rFire    + + .     SeeInvis .   a - +8 flail (crush)
rCold    + + .     Gourm    .   n - +0 shield "Tehom" {rF+ rC+ rCorr Stlth-}
rNeg     + . .     Faith    +   b - +0 scale mail
rPois    ∞         Spirit   .   s - +2 helmet of Perfidy {-Tele rF++ Dex+7}
rElec    +         Reflect  .   t - +2 cloak of Bocieh {Str+4 Dex+3}
rCorr    +         Harm     .   m - +2 pair of gloves of Deottergh {MR- Regen+ Int+4}
MR       .....     NoTele   +   e - +1 pair of boots of the Black Moon {MP+9}
Stlth    ..........             q - amulet of Lil Wisuts {Faith Dex+7}
HPRegen  0.70/turn              z - ring "Iserudd" {rElec rC+ Dex+5}
MPRegen  0.26/turn              d - ring of Ganugo {rF- Dex+4 Stlth-}

@: paralysed, corroded, studying Long Blades, very slow
A: big wings, negative energy resistance 1, electricity resistance, unbreathing,
petrification resistance, rot immunity, AC +12
}: 3/15 runes: decaying, barnacled, elven
a: Fly, Bend Time, Temporal Distortion, Slouch, Step From Time, Renounce
Religion


You were in the Dungeon.
You worshipped Cheibriados.
Cheibriados was exalted by your worship.
You were not hungry.

You visited 1 branch You collected 5240 gold pieces.
You spent 5192 gold pieces at shops.

Inventory:

Hand Weapons
 a - a +8 flail of crushing (weapon)
Armour
 b - a +0 scale mail (worn)
 c - a +0 shield
 e - the +1 pair of boots of the Black Moon (worn) {MP+9}
   (You bought it in a shop in the Dungeon)

   It affects your magic capacity (+9).
 m - the +2 pair of gloves of Deottergh (worn) {MR- Regen+ Int+4}
   (You bought it in a shop in the Dungeon)

   It affects your intelligence (+4).
   It affects your resistance to hostile enchantments.
   It increases your rate of regeneration.
 n - the +0 shield "Tehom" (worn) {rF+ rC+ rCorr Stlth-}
   (You bought it in a shop in the Dungeon)

   It protects you from fire.
   It protects you from cold.
   It provides partial protection from all sources of acid and corrosion.
   It makes you less stealthy.
 s - the +2 helmet of Perfidy (worn) {-Tele rF++ Dex+7}
   (You bought it in a shop in the Dungeon)

   It affects your dexterity (+7).
   It greatly protects you from fire.
   It prevents most forms of teleportation.
 t - the +2 cloak of Bocieh (worn) {Str+4 Dex+3}
   (You bought it in a shop in the Dungeon)

   It affects your strength (+4).
   It affects your dexterity (+3).
 v - the +0 leather armour of the Insatiable Allies {rPois MP+9 Slay+3, unknown}
   (You bought it in a shop in the Dungeon)

   It affects your accuracy and damage with ranged weapons and melee attacks
   (+3).
   It protects you from poison.
   It affects your magic capacity (+9).
 x - the +0 hat of the Final Lies {Stlth+, unknown}
   (You bought it in a shop in the Dungeon)

   It makes you more stealthy.
 y - the cursed +0 large shield of the Bells {rPois rC+ Str+3 Dex-2, unknown}
   (You bought it in a shop in the Dungeon)

   It affects your strength (+3).
   It affects your dexterity (-2).
   It protects you from cold.
   It protects you from poison.
   It has a curse placed upon it.
Jewellery
 d - the ring of Ganugo (right hand) {rF- Dex+4 Stlth-}
   (You bought it in a shop in the Dungeon)

   [ring of attention]

   It affects your dexterity (+4).
   It makes you vulnerable to fire.
   It makes you less stealthy.
 p - the ring of Nojunaq {rElec rPois rC+ rN++ Int-5}
   (You bought it in a shop in the Dungeon)

   [ring of protection from cold]

   It affects your intelligence (-5).
   It protects you from cold.
   It insulates you from electricity.
   It protects you from poison.
   It greatly protects you from negative energy.
 q - the amulet of Lil Wisuts (around neck) {Faith Dex+7}
   (You bought it in a shop in the Dungeon)

   [amulet of faith]

   It allows you to gain divine favour quickly.
   It affects your dexterity (+7).
 r - the ring "Weadaw" {Int+3 Stlth-}
   (You bought it in a shop in the Dungeon)

   [ring of attention]

   It affects your intelligence (+3).
   It makes you less stealthy.
 u - an uncursed ring of ice
 z - the ring "Iserudd" (left hand) {rElec rC+ Dex+5}
   (You bought it in a shop in the Dungeon)

   [ring of protection from cold]

   It affects your dexterity (+5).
   It protects you from cold.
   It insulates you from electricity.
Wands
 g - a wand of paralysis (18)
Scrolls
 k - 7 scrolls of blinking
 o - 3 scrolls of fog
Potions
 h - 4 potions of haste
 i - 2 potions of magic
 j - a potion of berserk rage
 l - 6 potions of heal wounds
Books
 w - a manual of Long Blades
Comestibles
 f - 7 rations


   Skills:
 - Level 22.2 Fighting
 - Level 16.0 Maces & Flails
 - Level 6.3 Armour
 - Level 18.0 Dodging
 - Level 15.0 Shields
 + Level 18.6 Invocations


You had 15 spell levels left.
You didn't know any spells.
Your spell library was empty.

Dungeon Overview and Level Annotations

Branches:
Dungeon (1/1)

Altars:
Cheibriados
Dithmenos
Fedhas
Gozag
Kikubaaqudgha
Makhleb
Okawaru
Qazlal
Ru
Sif Muna
Trog
Uskayaw
Vehumet
Wu Jian
Xom
Yredelemnul
Zin
The Shining One
Beogh
Jiyva
Lugonu

Shops:
D *[%??*?*:[((!!!!


Innate Abilities, Weirdness & Mutations

You are resistant to torment.
Your stone body is resilient. (AC +12)
You are immune to poison.
Your large and strong wings let you fly indefinitely.
You resist negative energy. (rN+)
You are resistant to electric shocks. (rElec)
You can survive without breathing.
You are immune to petrification.
You are immune to rotting.


Message History

The greater orb of eyes bites you but does no damage.
The slime creature hits you but does no damage.
The acid blob hits you!
* * * LOW HITPOINT WARNING * * *
You are splashed with acid!
The acid burns!
You resist.
* * * LOW HITPOINT WARNING * * *
The greater orb of eyes bites you but does no damage.
The slime creature hits you.
* * * LOW HITPOINT WARNING * * *
The acid blob spits acid at you. The splash of acid hits you! You resist.
* * * LOW HITPOINT WARNING * * *
You are splashed with acid!
The acid burns!
You resist.
* * * LOW HITPOINT WARNING * * *
The slime creature hits you but does no damage. x2
The greater orb of eyes bites you but does no damage.
The acid blob spits acid at you. The splash of acid hits you!
You are splashed with acid!
The acid burns!
You resist.
You die...

#..[.)..._# #_.).)..._#
###.))).)..)###
#⌠...........⌠#
####.8..((..(.[8(######
_._......###..(....__∩##
..(.)[(8.# #)8[.......∩###
((((((..[###.[[JJJ.......##
..)[(.###...###.@G.......⌠#
())().# #.<.# #..........⌠#
)(...[###...###..........⌠#
)).......###))[..........##
.(.(...8.# #.8........∩###
___)((...###......___∩##
####.8.........8.######
#⌠....)......⌠#
###[|.......###


You could see an acid blob, a greater orb of eyes and 2 slime creatures.

Vanquished Creatures
  Fannar (D)
  A merfolk avatar (D)
  3 frost giants (D)
  6 stone giants (D)
  A dire elephant (D)
  Erolcha (D)
  8 ogre magi (D)
  A deep elf high priest (D)
  A wizard (D)
  A hydra (D)
  2 death yaks (D)
  6 two-headed ogres (D)
  An iron elemental (D)
  A dancing weapon (D)
  4 vampire magi (D)
  An orc high priest (D)
  A deep elf knight (D)
  A small abomination (D)
  An iron troll (D)
  17 skeletal warriors (D)
  A sea snake (shapeshifter) (D)
  A death drake (shapeshifter) (D)
  3 orc knights (D)
  3 deep elf magi (D)
  A cyclops (shapeshifter) (D)
  An elephant (D)
  A rust devil (D)
  3 naga magi (D)
  3 spiny frogs (shapeshifter) (D)
  2 spiny frogs (D)
  A rime drake (D)
  An ice devil (D)
  2 polar bears (shapeshifter) (D)
  A hornet (shapeshifter) (D)
  5 queen bees (D)
  5 stone giant simulacra (D)
  A snapping turtle (shapeshifter) (D)
  A blink frog (shapeshifter) (D)
  A spriggan (shapeshifter) (D)
  A redback (shapeshifter) (D)
  4 water elementals (D)
  A wyvern (shapeshifter) (D)
  A yak (D)
  A basilisk (shapeshifter) (D)
  A fire bat (shapeshifter) (D)
  A hog (shapeshifter) (D)
  A human (shapeshifter) (D)
  A water moccasin (D)
  5 ogres (D)
  An orc warrior (D)
  A crocodile (D)
  2 earth elementals (D)
  11 killer bees (D)
  6 vampire bats (D)
  2 jellies (D)
  Jessica (D)
  3 spriggan simulacra (D)
  4 oozes (D)
  2 bats (D)
  3 kobolds (D)
149 creatures vanquished.

Vanquished Creatures (others)
  An eldritch tentacle (D)
  A kobold (D)
2 creatures vanquished.

Grand Total: 151 creatures vanquished

Notes
Turn   | Place    | Note
-------+----------+-------------------------------------------
     0 | D        | poirepourri the Gargoyle Fighter began the quest for the Orb.
     0 | D        | Reached XP level 1. HP: 14/14 MP: 1/1
     1 | D        | Found a snail-covered altar of Cheibriados.
     2 | D        | Found a sacrificial altar of Ru.
     2 | D        | Found a radiant altar of Vehumet.
     3 | D        | Found a hide-covered altar of Uskayaw.
     3 | D        | Found a roughly hewn altar of Beogh.
     4 | D        | Found an ancient bone altar of Kikubaaqudgha.
     4 | D        | Found a glowing golden altar of the Shining One.
     4 | D        | Found Qymnevan's Staff Store.
     4 | D        | Found Coplupne's Magic Scroll Shop.
     5 | D        | Found Riuxtiyr's Distillery.
     5 | D        | Found Icsirch's Must-Have Magic.
     5 | D        | Found Tase's Magic Scroll Shop.
     5 | D        | Round 1.
     6 | D        | Noticed an ogre
     9 | D        | Became a worshipper of Cheibriados the Contemplative
    16 | D        | Killed an ogre
    16 | D        | Reached XP level 2. HP: 19/19 MP: 2/2
    16 | D        | Reached XP level 3. HP: 23/23 MP: 3/3
    16 | D        | Reached XP level 4. HP: 28/28 MP: 4/4
    23 | D        | Reached * piety under Cheibriados
    24 | D        | Noticed Jessica
    26 | D        | Found a shimmering altar of Xom.
    27 | D        | Noticed an ogre
    28 | D        | Found a shadowy altar of Dithmenos.
    29 | D        | Found Wayhuw's Delicious Food.
    32 | D        | Killed an ogre
    32 | D        | Reached XP level 5. HP: 27/32 MP: 5/5
    34 | D        | Killed Jessica
    34 | D        | Reached ** piety under Cheibriados
    35 | D        | Found Ozxo's Jewellery.
    35 | D        | Found Lijo's Advanced Armour.
    35 | D        | Found an iron altar of Okawaru.
    35 | D        | Found a stormy altar of Qazlal.
    35 | D        | Found a bloodstained altar of Trog.
    35 | D        | Found Befem's Identification Station.
    39 | D        | Arena points: 12 (+12) [x2]
    48 | D        | Bought an ancient copper ring for 45 gold pieces
    48 | D        | Bought a clouded brass ring for 45 gold pieces
    48 | D        | Bought a serpentine golden amulet for 45 gold pieces
    48 | D        | Identified the ring of Nojunaq {rElec rPois rC+ rN++ Int-5} (You bought it in a shop in the Dungeon)
    49 | D        | Identified the ring of Ganugo {rF- Dex+4 Stlth-} (You bought it in a shop in the Dungeon)
    50 | D        | Bought a transparent marble ring for 45 gold pieces
    50 | D        | Identified the amulet of Lil Wisuts {Faith Dex+7} (You bought it in a shop in the Dungeon)
    52 | D        | Identified the ring "Weadaw" {Int+3 Stlth-} (You bought it in a shop in the Dungeon)
    66 | D        | Found a deep blue altar of Sif Muna.
    87 | D        | Round 2.
    91 | D        | Reached *** piety under Cheibriados
   101 | D        | Found Kuodyzae's Distillery.
   102 | D        | Found Girror's Bottled Wisdom.
   107 | D        | Found Fiugoo's Do-It-Yourself Clinic.
   107 | D        | Found a viscous altar of Jiyva.
   107 | D        | Found a glowing silver altar of Zin.
   107 | D        | Found a burning altar of Makhleb.
   117 | D        | Found a corrupted altar of Lugonu.
   127 | D        | Found a basalt altar of Yredelemnul.
   127 | D        | Found an opulent altar of Gozag.
   127 | D        | Found Zada's Weapon Rack.
   127 | D        | Found Golilola's Basic Armour.
   128 | D        | Found Beyhula's Miscellaneous Merchandise.
   129 | D        | Found an ornate altar of the Wu Jian Council.
   129 | D        | Found a blossoming altar of Fedhas.
   129 | D        | Found Saomac's Premium Goods.
   135 | D        | Reached XP level 6. HP: 10/37 MP: 6/6
   163 | D        | Reached **** piety under Cheibriados
   191 | D        | Reached ***** piety under Cheibriados
   191 | D        | Arena points: 54 (+42) [x3]
   191 | D        | Reached skill level 5 in Fighting
   235 | D        | Round 3.
   308 | D        | Reached skill level 6 in Fighting
   331 | D        | Reached skill level 7 in Fighting
   337 | D        | Reached skill level 8 in Fighting
   346 | D        | Reached skill level 9 in Fighting
   346 | D        | Reached XP level 7. HP: 49/51 MP: 7/7
   351 | D        | Reached ****** piety under Cheibriados
   363 | D        | Arena points: 138 (+84) [x4]
   363 | D        | Reached skill level 10 in Fighting
   390 | D        | Round 4.
   391 | D        | Noticed a deep elf mage
   392 | D        | Noticed a deep elf mage
   406 | D        | Killed a deep elf mage
   406 | D        | Reached skill level 10 in Shields
   406 | D        | Reached XP level 8. HP: 36/57 MP: 8/8
   409 | D        | Killed a deep elf mage
   446 | D        | Arena points: 198 (+60) [x5]
   454 | D        | Round 5.
   457 | D        | Noticed a witch
   478 | D        | Noticed a four-headed hydra
   485 | D        | Killed a witch
   485 | D        | Arena points: 478 (+280) [x7]
   485 | D        | Reached XP level 9. HP: 9/62 MP: 9/9
   488 | D        | Got a decaying rune of Zot
   674 | D        | Round 6.
   719 | D        | Arena points: 718 (+240) [x8]
   729 | D        | Round 7.
   767 | D        | Reached skill level 15 in Shields
   786 | D        | Reached skill level 1 in Dodging
   799 | D        | Bought a potion of experience for 300 gold pieces
   799 | D        | Bought a potion of experience for 300 gold pieces
   800 | D        | Bought 3 potions of heal wounds for 105 gold pieces
   800 | D        | Bought 3 potions of heal wounds for 105 gold pieces
   800 | D        | Bought 3 potions of heal wounds for 105 gold pieces
   800 | D        | Reached XP level 10. HP: 37/68 MP: 10/10
   801 | D        | Reached skill level 11 in Fighting
   801 | D        | Reached XP level 11. HP: 42/76 MP: 11/11
   802 | D        | Reached XP level 12. HP: 45/81 MP: 11/17
   877 | D        | Arena points: 781 (+63) [x1]
   890 | D        | Round 8.
   965 | D        | Reached skill level 10 in Dodging
  1056 | D        | Arena points: 925 (+144) [x2]
  1066 | D        | Round 9.
  1066 | D        | Noticed a two-headed ogre
  1067 | D        | Noticed Erolcha
  1073 | D        | Killed Erolcha
  1075 | D        | Noticed a two-headed ogre
  1076 | D        | Noticed an ogre mage
  1081 | D        | Killed a two-headed ogre
  1082 | D        | Killed a two-headed ogre
  1082 | D        | Killed an ogre mage
  1083 | D        | Noticed a two-headed ogre
  1083 | D        | Noticed an ogre mage
  1097 | D        | Killed a two-headed ogre
  1098 | D        | Noticed a two-headed ogre
  1104 | D        | Noticed a two-headed ogre
  1106 | D        | Killed a two-headed ogre
  1106 | D        | Reached XP level 13. HP: 37/85 MP: 8/18
  1115 | D        | Reached skill level 15 in Dodging
  1145 | D        | Arena points: 1222 (+297) [x3]
  1164 | D        | Round 10.
  1221 | D        | Arena points: 1672 (+450) [x5]
  1224 | D        | Got a barnacled rune of Zot
  1225 | D        | Gained mutation: Your large and strong wings let you fly indefinitely. [Gargoyle growth]
  1225 | D        | Reached XP level 14. HP: 57/91 MP: 13/19
  1234 | D        | Bought 3 potions of heal wounds for 105 gold pieces
  1266 | D        | Bought a pair of brightly glowing boots for 332 gold pieces
  1266 | D        | Bought a pair of ichor-stained gloves for 332 gold pieces
  1271 | D        | Identified the +1 pair of boots of the Black Moon {MP+9} (You bought it in a shop in the Dungeon)
  1276 | D        | Identified the +2 pair of gloves of Deottergh {MR- Regen+ Int+4} (You bought it in a shop in the Dungeon)
  1330 | D        | Round 11.
  1378 | D        | Bought 2 rations for 40 gold pieces
  1378 | D        | Bought 2 rations for 40 gold pieces
  1378 | D        | Bought 2 rations for 40 gold pieces
  1378 | D        | Bought 2 rations for 40 gold pieces
  1466 | D        | Arena points: 1771 (+99) [x1]
  1474 | D        | Round 12.
  1540 | D        | Noticed a dire elephant
  1568 | D        | Killed a dire elephant
  1568 | D        | Reached skill level 12 in Fighting
  1582 | D        | Reached skill level 13 in Fighting
  1590 | D        | Arena points: 2059 (+288) [x2]
  1605 | D        | Bought a scroll of brand weapon for 200 gold pieces
  1621 | D        | Round 13.
  1643 | D        | Reached skill level 14 in Fighting
  1653 | D        | Reached skill level 15 in Fighting
  1678 | D        | Reached skill level 16 in Fighting
  1680 | D        | Paralysed by an ogre mage for 4 turns
  1705 | D        | Paralysed by an ogre mage for 4 turns
  1710 | D        | Reached skill level 17 in Fighting
  1719 | D        | Reached skill level 18 in Fighting
  1725 | D        | Arena points: 2605 (+546) [x3]
  1737 | D        | Bought 3 potions of heal wounds for 105 gold pieces
  1742 | D        | Round 14.
  1795 | D        | Bought a heavily runed shield for 332 gold pieces
  1811 | D        | Reached skill level 19 in Fighting
  1817 | D        | Identified the +0 shield "Tehom" {rF+ rC+ rCorr Stlth-} (You bought it in a shop in the Dungeon)
  1860 | D        | Arena points: 3221 (+616) [x4]
  1868 | D        | Round 15.
  1881 | D        | Bought a smoking helmet for 332 gold pieces
  1881 | D        | Bought a shimmering cloak for 332 gold pieces
  1918 | D        | Noticed Fannar
  1922 | D        | Reached skill level 20 in Fighting
  2006 | D        | Killed Fannar
  2006 | D        | Arena points: 4211 (+990) [x6]
  2006 | D        | Reached skill level 21 in Fighting
  2006 | D        | Reached XP level 15. HP: 84/116 MP: 20/20
  2014 | D        | Got an elven rune of Zot
  2015 | D        | Reached skill level 22 in Fighting
  2015 | D        | Reached XP level 16. HP: 100/123 MP: 21/21
  2045 | D        | Bought 8 scrolls of enchant weapon for 600 gold pieces
  2045 | D        | Bought 3 scrolls of blinking for 225 gold pieces
  2050 | D        | Identified the +2 helmet of Perfidy {-Tele rF++ Dex+7} (You bought it in a shop in the Dungeon)
  2055 | D        | Identified the +2 cloak of Bocieh {Str+4 Dex+3} (You bought it in a shop in the Dungeon)
  2153 | D        | Round 16.
  2266 | D        | Reached skill level 15 in Maces & Flails
  2272 | D        | Arena points: 4355 (+144) [x1]
  2282 | D        | Round 17.
  2346 | D        | Reached skill level 10 in Invocations
  2347 | D        | Arena points: 4695 (+340) [x2]
  2355 | D        | Round 18.
  2432 | D        | Arena points: 5505 (+810) [x3]
  2450 | D        | Bought a fine leather armour for 245 gold pieces
  2450 | D        | Bought a faintly glowing hat for 315 gold pieces
  2462 | D        | Bought a distressingly furry large shield for 332 gold pieces
  2464 | D        | Round 19.
  2468 | D        | Bought a slimy silver ring for 45 gold pieces
  2469 | D        | Identified the ring "Iserudd" {rElec rC+ Dex+5} (You bought it in a shop in the Dungeon)
  2511 | D        | Reached skill level 15 in Invocations
  2628 | D        | Arena points: 6873 (+1368) [x4]
  2644 | D        | Round 20.
  2654 | D        | Bought 3 potions of heal wounds for 105 gold pieces
  2659 | D        | Paralysed by a greater orb of eyes for 6 turns
  2667 | D        | Paralysed by a greater orb of eyes for 4 turns
  2672 | D        | Paralysed by a greater orb of eyes for 2 turns
  2688 | D        | Noticed an acid blob
  2703 | D        | Paralysed by a greater orb of eyes for 7 turns
  2708 | D        | HP: 4/123 [acid (5)]
  2709 | D        | Splashed by an acid blob's acid

Skill      XL: |  1  2  3  4  5  6  7  8  9 10 11 12 13 14 15 16 |
---------------+-------------------------------------------------+-----
Maces & Flails | 8 11 12 16 | 16.0
Fighting       | 9 10 11 21 22 | 22.2
Shields        | 10 14 15 | 15.0
Dodging        | 6 14 16 18 | 18.0
Invocations    | 6 18 | 18.6
Armour         | 6 |  6.3

Action                   |  1- 3 |  4- 6 |  7- 9 | 10-12 | 13-15 | 16-18 || total
-------------------------+-------+-------+-------+-------+-------+-------++-------
Melee: Flail             |     5 |    35 |    46 |   147 |   471 |   323 ||  1027
Invok: Slouch            |       |       |       |     3 |     7 |     3 ||    13
Evoke: Wand              |       |     2 |     5 |     3 |       |       ||    10
  Use: Potion            |     2 |       |     5 |     6 |     8 |     3 ||    24
       Scroll            |       |       |       |       |     1 |     8 ||     9
  Eat: Ration            |       |       |       |       |     2 |       ||     2
Armor: Scale mail        |     4 |    24 |    25 |    16 |    85 |    45 ||   199
Dodge: Dodged            |     6 |    14 |    11 |    97 |   447 |   219 ||   794
Block: Shield            |     2 |    27 |    30 |   137 |   468 |   313 ||   977
